 Dungeon Crawl Stone Soup version 0.26-b1-32-g5d43845318 (webtiles) character file.

Game seed: 16786479214965977602

526 raceaflais the Cutter (level 7, -7/63 HPs)
             Began as a Palentonga Fighter on Jan 5, 2021.
             Was a Follower of Fedhas.
             Killed by divine providence
             ... invoked by an orc priest
              (15 damage)
             ... on level 4 of the Dungeon.
             The game lasted 00:15:10 (4152 turns).

raceaflais the Cutter (Palentonga Fighter)          Turns: 4152, Time: 00:15:11

Health: -7/63      AC: 16    Str: 21    XL:     7   Next: 2%
Magic:  7/7        EV:  3    Int: 11    God:    Fedhas [*.....]
Gold:   213        SH:  9    Dex:  9    Spells: 6/6 levels left

rFire    . . .     SeeInvis +   f - +3 dagger (chaos)
rCold    . . .     Faith    .   c - +0 kite shield
rNeg     . . .     Spirit   .   y - +0 plate armour
rPois    .         Reflect  .   (no helmet)
rElec    .         Harm     .   (no cloak)
rCorr    .         Rampage  .   (no gloves)
Will     .....                  (no barding)
Stlth    ..........             (no amulet)
HPRegen  0.20/turn              (no ring)
MPRegen  0.10/turn              (no ring)

@: curled up
A: large, rugged brown scales 3, see invisible, clever 1, deformed body, sense
surroundings 2, roll 1, armoured tail, reflexive curl
a: Rolling Charge, Renounce Religion


You were on level 4 of the Dungeon.
You worshipped Fedhas.
Fedhas was aware of your devotion.
You visited 1 branch of the dungeon, and saw 4 of its levels.

You collected 213 gold pieces.

Inventory:

Hand Weapons
 a - a +0 rapier
 f - a +3 dagger of chaos (weapon)
 h - a +1 whip of pain
 j - a +4 long sword
 n - a +0 hunting sling
 v - a +4 whip
Missiles
 d - 8 poisoned darts
 g - 39 stones
 k - 76 arrows
 l - 4 boomerangs
 o - a throwing net
 r - 35 sling bullets
 u - 13 bolts
Armour
 b - a +1 scale mail
 c - a +0 kite shield (worn)
 i - a +0 scale mail
 y - a +0 plate armour (worn)
Wands
 z - a wand of paralysis (7)
Scrolls
 m - 2 scrolls of identify
 q - 2 scrolls of remove curse
 s - 3 scrolls of amnesia


   Skills:
 + Level 4.0 Fighting
 + Level 4.2 Short Blades
 + Level 3.7 Armour
 + Level 2.0 Dodging
 + Level 0.4 Stealth
 + Level 3.6 Shields


You had 6 spell levels left.
You didn't know any spells.
Your spell library was empty.

Dungeon Overview and Level Annotations

Branches:
Dungeon (4/15)
 Temple: D:4-7

Altars:
Elyvilon
Fedhas
Hepliaklqana
Okawaru
Qazlal
Xom
Zin

Shops:
D:4 *

Annotations:
D:4 Natasha


Innate Abilities, Weirdness & Mutations

You are completely covered in rugged brown scales. (AC +3, +7% HP)
You have supernaturally acute eyesight. (SInv)
Armour fits poorly on your strangely shaped body.
You can roll at nearby foes to attack.
You have a long armoured tail.
You curl defensively after being hit.
Your mind is acute. (Int +2)
You passively map the area around you.


Message History

The howler monkey hoots and howls with incredible vigour!
The worker ant completely misses you.
You closely miss the worker ant.
The orc wizard mumbles some strange words.
The orc wizard blinks!
The orc wizard mumbles some strange words.
The orc wizard seems to speed up.
The worker ant bites you but does no damage.
The orc priest looks braver for a moment.
The adder bites you.
* * * LOW HITPOINT WARNING * * *
The orc wizard mumbles some strange words.
The orc wizard seems to speed up.
Natasha casts a spell.
The worker ant bites you but does no damage.
An orc comes into view. It is wielding a +0 mace.
The orc priest mumbles some strange prayers to Beogh against you.
Beogh smites you!
You die...
Fedhas appreciates your contribution to the ecosystem.

* * , * , * * *
##+#######
#......@.#
#......SB# *
#......h§# **## *
, .........+,
,.>., ,
........h####... *
, o..####o.5......
, ***
........o....... ,
* ,
*,.#####.o.h......
, ** ,* *
#.......... *


You could see 2 howler monkeys, a worker ant, an iron imp (summoned), an orc
priest, 2 orc wizards, Natasha, an adder and an orc (wandering).

Vanquished Creatures
  An orc warrior (D:3)
  A howler monkey (D:4)
  4 crimson imps (D:3)
  2 hounds (D:4)
  An orc priest (D:3)
  An orc wizard (D:3)
  2 adders
  A worm (D:2)
  3 leopard geckos
  9 orcs
  6 bats
  5 giant cockroaches
  11 goblins
  8 hobgoblins
  6 jackals (D:3)
  8 kobolds
  A ball python (D:3)
  5 frilled lizards
  A jackal zombie (D:2)
  7 rats
83 creatures vanquished.

Vanquished Creatures (others)
  An orc wizard (D:3)
1 creature vanquished.

Grand Total: 84 creatures vanquished

Notes
Turn   | Place    | Note
-------+----------+-------------------------------------------
     0 | D:1      | raceaflais the Palentonga Fighter began the quest for the
                  | Orb.
     0 | D:1      | Reached XP level 1. HP: 20/20 MP: 1/1
   300 | D:1      | Reached XP level 2. HP: 27/27 MP: 2/2
  1486 | D:2      | Reached XP level 3. HP: 32/33 MP: 3/3
  1564 | D:2      | Found a blossoming altar of Fedhas.
  1573 | D:2      | Became a worshipper of Fedhas Madash
  1627 | D:2      | Noticed an oklob plant
  1892 | D:2      | Gained mutation: Your muscles are strong. (Str +2) [potion
                  | of mutation]
  1892 | D:2      | Gained mutation: You are agile. (Dex +2) [potion of
                  | mutation]
  2697 | D:3      | Found a shimmering altar of Xom.
  2706 | D:3      | Reached skill level 1 in Dodging
  2706 | D:3      | Reached XP level 4. HP: 38/40 MP: 4/4
  2724 | D:3      | Lost mutation: Your muscles are strong. (Str +2) [potion of
                  | mutation]
  2724 | D:3      | Lost mutation: You are agile. (Dex +2) [potion of mutation]
  2724 | D:3      | Gained mutation: Your mind is acute. (Int +2) [potion of
                  | mutation]
  2724 | D:3      | Gained mutation: You passively map a small area around you.
                  | [potion of mutation]
  2724 | D:3      | Gained mutation: Your natural rate of healing is unusually
                  | fast. [potion of mutation]
  2734 | D:3      | Reached XP level 5. HP: 17/48 MP: 5/5
  2928 | D:3      | Reached * piety under Fedhas
  2987 | D:3      | Found a shimmering altar of Xom.
  3061 | D:3      | Found a white marble altar of Elyvilon.
  3092 | D:3      | Found a stormy altar of Qazlal.
  3101 | D:3      | Reached XP level 6. HP: 51/55 MP: 6/6
  3110 | D:3      | Found a glowing silver altar of Zin.
  3112 | D:3      | Found an iron altar of Okawaru.
  3113 | D:3      | Found a hazy altar of Hepliaklqana.
  3543 | D:3      | Noticed an orc warrior
  3577 | D:3      | Killed an orc warrior
  4063 | D:4      | Found Luonu's General Store.
  4105 | D:4      | Gained mutation: You curl defensively after being hit.
                  | [Palentonga growth]
  4105 | D:4      | Reached XP level 7. HP: 31/63 MP: 7/7
  4105 | D:4      | Lost mutation: Your natural rate of healing is unusually
                  | fast. [potion of mutation]
  4105 | D:4      | Gained mutation: Your body sometimes deteriorates upon
                  | taking damage. [potion of mutation]
  4105 | D:4      | Lost mutation: Your body sometimes deteriorates upon taking
                  | damage. [potion of mutation]
  4105 | D:4      | Gained mutation: You passively map the area around you.
                  | [potion of mutation]
  4128 | D:4      | Noticed Natasha
  4152 | D:4      | Killed from afar by an orc priest

Illustrated notes

Levels and vault maps discovered:
D:1:      dpeg_arrival_houses_and_road, layout_loops_corners,
          chequers_serial_rivers_small_b
D:2:      layout_loops_ring, grunt_ministairs_13, tgw_fedhas
D:3:      layout_loops_cross, grunt_temple_overflow_open, led_xom_imps
D:4:      layout_basic, nicolae_overflow_crystal_walls, serial_shops, shop,
          shop, shop, shop, minmay_joined_circles, uniq_natasha

Skill      XL: |  1  2  3  4  5  6 |
---------------+-------------------+-----
Short Blades   | 3 4 |  4.2
Dodging        | 1 2 |  2.0
Armour         | 3 |  3.7
Shields        | 3 |  3.6
Fighting       | 4 |  4.0
Stealth        | |  0.4

Action                   |  1- 3 |  4- 6 |  7- 9 || total
-------------------------+-------+-------+-------++-------
Melee: Rapier            |   116 |    22 |       ||   138
       Tailslap          |    13 |    21 |     1 ||    35
       Dagger            |       |   169 |    11 ||   180
 Abil: Rolling Charge    |     4 |     1 |       ||     5
  Use: Scroll            |     8 |     7 |     1 ||    16
       Potion            |     3 |     4 |     1 ||     8
 Stab: Paralysed         |       |     3 |       ||     3
Armor: Scale mail        |    57 |    54 |       ||   111
       Skin              |       |     1 |       ||     1
       Plate armour      |       |    15 |    12 ||    27
Dodge: Dodged            |    21 |    36 |     6 ||    63
Block: Kite shield       |    52 |    96 |    13 ||   161
